 Dungeon Crawl Stone Soup version 0.30.1 (webtiles) character file.

Game seed: 13012193697174188230

331 LynnLen the Covert (level 6, -8/28 HPs)
             Began as a Spriggan Enchanter on July 4, 2023.
             Mangled by an ice beast (14 damage)
             ... on level 5 of the Dungeon.
             The game lasted 00:17:49 (4979 turns).

LynnLen the Covert (Spriggan Enchanter)             Turns: 4979, Time: 00:17:50

Health: -8/28      AC:  2    Str:  4    XL:     6   Next: 26%
Magic:  5/13       EV: 17    Int: 18    God:
Gold:   240        SH:  5    Dex: 16    Spells: 3/14 levels left

rFire   . . .        a - +1 dagger
rCold   . . .        (no shield)
rNeg    . . .        s - +0 robe {Will+}
rPois   .            (helmet restricted)
rElec   .            (no cloak)
rCorr   .            (gloves unavailable)
SInv    +            (boots unavailable)
Will    ++...        u - amulet of reflection
Stlth   ++++         (no ring)
HPRegen 0.24/turn    (no ring)
MPRegen 0.13/turn

%: reflection
@: very quick
A: very small, no large weapons, unfitting armour, see invisible, speed 3
a: no special abilities


You were on level 5 of the Dungeon.
You visited 1 branch of the dungeon, and saw 5 of its levels.

You collected 240 gold pieces.

Inventory:

Hand Weapons
 a - a +1 dagger (weapon)
Missiles
 d - 6 poisoned darts (quivered)
Armour
 b - a +0 robe
 s - a +0 robe of willpower (worn)
Jewellery
 u - an amulet of reflection (around neck)
Scrolls
 f - a scroll of teleportation {unknown}
 i - 2 scrolls of blinking {unknown}
 j - a scroll of enchant armour {unknown}
 k - 2 scrolls of amnesia
 l - 2 scrolls of noise {unknown}
 n - 2 scrolls of fog {unknown}
 r - 3 scrolls of poison {unknown}
 w - a scroll of torment {unknown}
Potions
 c - 2 potions of invisibility
 e - a potion of mutation {unknown}
 g - 2 potions of attraction {unknown}
 h - 4 potions of flight
 m - a potion of haste {unknown}
 o - 3 potions of ambrosia {unknown}
 p - 3 potions of heal wounds {unknown}
 q - a potion of lignification {unknown}
 t - 2 potions of curing {unknown}
 v - a potion of cancellation {unknown}


   Skills:
 - Level 1.1 Short Blades
 - Level 2.6 Dodging
 + Level 8.1 Stealth
 + Level 4.5 Spellcasting
 + Level 5.2 Hexes
 * Level 1.0 Summonings


You had 3 spell levels left.
You knew the following spells:

 Your Spells              Type           Power      Damage    Failure   Level
a - Ensorcelled Hibernat  Hex/Ice        26%        N/A       7%          2
b - Confusing Touch       Hex            22%        N/A       4%          3
c - Tukima's Dance        Hex            22%        N/A       4%          3
d - Summon Guardian Gole  Hex/Summ       15%        N/A       12%         3

Your spell library contained the following spells:

 Spells                   Type           Power      Damage    Failure   Level
 Summon Small Mammal      Summ           28%        N/A       10%         1
 Apportation              Tloc           8%         N/A       14%         1
 Dazzling Flash           Conj/Hex       26%        N/A       14%         3
 Call Canine Familiar     Summ           7%         N/A       28%         3
 Orb of Destruction       Conj           2%         9d5       100%        7
 Spellforged Servitor     Conj/Summ      2%         N/A       100%        7


Dungeon Overview and Level Annotations

Branches:
Dungeon (5/15)
 Temple: D:4-7

Altars:
Vehumet


Innate Abilities, Weirdness & Mutations

You are very small and have problems with some larger weapons.
You are too small for most types of armour.
You have supernaturally acute eyesight. (SInv)
You cover ground extremely quickly. (Speed+++)


Message History

Something hits your +0 shortbow.
Something freezes your +0 shortbow.
Your +0 shortbow resists.
An ice beast comes into view.
The centaur misses you.
The centaur kicks you but does no damage.
The ice beast hits your +0 shortbow.
Your +0 shortbow falls from the air.
You hit the centaur.
The centaur is almost dead.
The centaur completely misses you. The centaur closely misses you.
You hit the centaur.
The centaur is almost dead.
The centaur closely misses you.
The centaur kicks you but does no damage.
The centaur asks, "Who are you?" The centaur hits you. The centaur kicks you.
You barely miss the centaur.
The centaur is almost dead.
You catch the helpless centaur completely off-guard!
You impale the centaur!!
You kill the centaur!
Your Stealth skill increases to level 8!
Your Summonings skill increases to level 1!
You have reached level 6!
You see here a centaur corpse.
Casting: Confusing Touch (quite dangerous; 4% risk of failure)
Confirm with . or Enter, or press ? or * to list all spells.
The spell is quite dangerous to miscast (4% risk of failure)!
Continue anyway?
Your hands begin to glow red.
You barely miss the ice beast.
You punch the ice beast, but do no damage.
The ice beast closely misses you.
You hit the ice beast but do no damage. The ice beast hits you.
The ice beast freezes you!
You hit the ice beast but do no damage.
The ice beast appears confused.
The ice beast hits you.
* * * LOW HITPOINT WARNING * * *
The ice beast freezes you!
Ouch! That really hurt!
You die...

............#...........##.
......!.................#
...(....##................#
#......###..........####..
###......##.........## .
#........##=........#
.......................
........##.......##....
........###.@...## ....#
........####Y.### ...##
..).....Y†...## ##
..........##..#
..#............#
#.......).#......
..................
........#........#
##......###.......#


You could see an ice beast (confused).

Vanquished Creatures
  A centaur (D:5)
  A scorpion (D:4)
  An orc wizard (D:4)
  Robin (D:2)
  6 adders
  An ufetubus (D:4)
  5 worms
  A dart slug (D:1)
  2 orcs (D:4)
  4 ball pythons
  6 endoplasms
  3 giant cockroaches
  15 goblins
  12 hobgoblins
  4 quokkas
  8 bats
  3 frilled lizards
  2 kobolds
  2 rats
78 creatures vanquished.

Vanquished Creatures (others)
  A dancing weapon (D:5)
1 creature vanquished.

Grand Total: 79 creatures vanquished

Notes
Turn   | Place    | Note
-------+----------+-------------------------------------------
     0 | D:1      | LynnLen the Spriggan Enchanter began the quest for the Orb.
     0 | D:1      | Reached XP level 1. HP: 9/9 MP: 5/5
   471 | D:1      | Reached XP level 2. HP: 8/13 MP: 6/6
   501 | D:1      | Learned a level 2 spell: Ensorcelled Hibernation
   531 | D:1      | Reached skill level 5 in Stealth
  1330 | D:2      | Noticed Robin
  1551 | D:2      | Reached XP level 3. HP: 16/16 MP: 5/8
  1580 | D:2      | Learned a level 3 spell: Confusing Touch
  1584 | D:2      | Learned a level 3 spell: Tukima's Dance
  2567 | D:2      | Reached skill level 6 in Stealth
  2721 | D:2      | Killed Robin
  2722 | D:2      | Reached XP level 4. HP: 21/21 MP: 5/10
  3524 | D:3      | Found a faded altar of an unknown god.
  3533 | D:3      | Got Plato's Excursus on Translocation
  3974 | D:4      | Noticed a scorpion
  4025 | D:4      | Killed a scorpion
  4026 | D:4      | Reached skill level 7 in Stealth
  4026 | D:4      | Reached XP level 5. HP: 24/24 MP: 10/12
  4030 | D:4      | Learned a level 3 spell: Summon Guardian Golem
  4165 | D:4      | Found a radiant altar of Vehumet.
  4481 | D:4      | Reached skill level 5 in Hexes
  4844 | D:5      | Entered Level 5 of the Dungeon
  4945 | D:5      | Noticed a centaur
  4960 | D:5      | Noticed an ice beast
  4965 | D:5      | Killed a centaur
  4966 | D:5      | Reached skill level 8 in Stealth
  4966 | D:5      | Reached skill level 1 in Summonings
  4966 | D:5      | Reached XP level 6. HP: 20/28 MP: 7/13
  4979 | D:5      | Mangled by an ice beast

Illustrated notes

Levels and vault maps discovered:
D:1:      minmay_arrival_five_plusses, layout_basic
D:2:      layout_basic, uniq_robin
D:3:      layout_basic, shapermc_ecumenical_altar_rom_forum
D:4:      layout_loops_ring, mainiacjoe_overflow_paths
D:5:      layout_cave_pools, mainiacjoe_overflow_chevrons,
          minmay_temple_entry_sparse_star, minmay_tree_intersection

Skill      XL: |  1  2  3  4  5 |
---------------+----------------+-----
Stealth        | 5 6 7 8 |  8.1
Hexes          | 4 5 |  5.2
Spellcasting   | 3 4 |  4.5
Summonings     | 1 |  1.0
Short Blades   | |  1.1
Dodging        | |  2.6

Action                     |  1- 3 |  4- 6 || total
---------------------------+-------+-------++-------
  Melee: Dagger            |    92 |   129 ||   221
         Punch             |     1 |     1 ||     2
   Cast: Ensorcelled Hiber |    33 |    24 ||    57
         Confusing Touch   |     1 |     4 ||     5
         Tukima's Dance    |       |     1 ||     1
    Use: Scroll            |     2 |       ||     2
   Stab: Sleeping          |    24 |    17 ||    41
         Confused          |     1 |     2 ||     3
         Distracted        |       |     1 ||     1
 Armour: Robe              |    11 |    15 ||    26
  Dodge: Dodged            |    58 |   117 ||   175
  Block: Other             |       |     8 ||     8
         Reflection        |       |     1 ||     1
